 Dungeon Crawl Stone Soup version 0.24-a0-235-g3f03afc (webtiles) character file.

Game seed: 14953490191306579664

3041 Gorice the Firebug (level 9, -6/68 HPs)
             Began as a Gnoll Wanderer on Apr 6, 2019.
             Was a Priest of Okawaru.
             Mangled by a white ugly thing (33 damage)
             ... on level 7 of the Dungeon.
             The game lasted 00:26:01 (8564 turns).

Gorice the Firebug (Gnoll Wanderer)                 Turns: 8564, Time: 00:26:02

Health: -6/68      AC: 15    Str: 18    XL:     9   Next: 86%
Magic:  17/17      EV:  7    Int: 18    God:    Okawaru [***...]
Gold:   251        SH:  5    Dex: 13    Spells: 17/18 levels left

rFire    . . .     SeeInvis .   v - +1 dagger (venom)
rCold    . . .     Gourm    .   f - +0 buckler
rNeg     . . .     Faith    .   m - +1 plate armour
rPois    .         Spirit   .   (no helmet)
rElec    .         Reflect  .   (no cloak)
rCorr    .         Harm     .   y - +0 pair of gloves
MR       .....                  (no boots)
Stlth    ..........             (no amulet)
HPRegen  0.21/turn              B - +2 ring of dexterity
MPRegen  0.15/turn              F - ring of stealth

@: no status effects
A: distributed training, fangs 1, strong nose
a: Heroism, Renounce Religion


You were on level 7 of the Dungeon.
You worshipped Okawaru.
Okawaru was most pleased with you.
You were not hungry.

You visited 2 branches of the dungeon, and saw 8 of its levels.

You collected 251 gold pieces.

Inventory:

Hand Weapons
 a - a +1 spear
 u - a +1 war axe of chopping
   (You took it off an orc on level 4 of the Dungeon)
 v - a +1 dagger of venom (weapon)
   (You took it off an orc on level 4 of the Dungeon)
 x - a +0 longbow
Missiles
 c - 70 bolts
 e - 65 sling bullets
 j - 26 poisoned needles
 A - 53 arrows
 C - 3 tomahawks (quivered)
 Y - 135 stones
Armour
 b - a +2 scale mail
 f - a +0 buckler (worn)
 k - a +0 large shield
 m - a +1 plate armour (worn)
 y - a +0 pair of gloves (worn)
Jewellery
 B - a +2 ring of dexterity (left hand)
 F - a ring of stealth (right hand)
Scrolls
 h - 2 scrolls of enchant weapon
 r - a scroll of teleportation {!r}
 E - a scroll of enchant armour
 G - a scroll of remove curse
Potions
 g - 2 potions of haste {!q}
 i - 2 potions of lignification {!q}
 l - a potion of might {!q}
 o - a potion of mutation {!q}
 p - 2 potions of heal wounds {!q}
 q - 2 potions of curing {unknown}
 s - a potion of degeneration {unknown}
 t - a potion of brilliance {unknown}
 w - a potion of ambrosia {unknown}
Comestibles
 d - 11 rations


   Skills:
 + Level 5.3 Fighting
 + Level 4.5 Short Blades
 + Level 4.5 Long Blades
 + Level 4.5 Axes
 + Level 4.5 Maces & Flails
 + Level 4.5 Polearms
 + Level 4.5 Staves
 + Level 4.5 Slings
 + Level 4.5 Bows
 + Level 4.5 Crossbows
 + Level 4.5 Throwing
 + Level 6.5 Armour
 + Level 4.5 Dodging
 + Level 4.5 Stealth
 + Level 5.3 Shields
 + Level 4.5 Unarmed Combat
 + Level 5.4 Spellcasting
 + Level 3.7 Conjurations
 + Level 3.7 Hexes
 + Level 3.7 Charms
 + Level 3.7 Summonings
 + Level 3.7 Necromancy
 + Level 3.7 Translocations
 + Level 3.7 Transmutations
 + Level 6.7 Fire Magic
 + Level 3.7 Ice Magic
 + Level 4.4 Air Magic
 + Level 3.7 Earth Magic
 + Level 3.7 Poison Magic
 + Level 5.0 Invocations
 + Level 5.3 Evocations


You had 17 spell levels left.
You knew the following spells:

 Your Spells              Type           Power        Failure   Level  Hunger
a - Flame Tongue          Conj/Fire      ###..        41%         1    None

Your spell library contained the following spells:

 Spells                   Type           Power        Failure   Level  Hunger
 Inner Flame              Hex/Fire       ###.....     80%         3    ##.....


Dungeon Overview and Level Annotations

Branches:
Dungeon (7/15)             Temple (1/1) D:5

Altars:
Ashenzari
Cheibriados
Dithmenos
Elyvilon
Fedhas
Gozag
Hepliaklqana
Kikubaaqudgha
Makhleb
Nemelex Xobeh
Okawaru
Qazlal
Ru
Sif Muna
Trog
Uskayaw
Vehumet
Wu Jian
Xom
Yredelemnul
Zin
The Shining One

Shops:
D:7 (

Annotations:
D:2 1 runed translucent door, Crazy Yiuf


Innate Abilities, Weirdness & Mutations

Your experience applies equally to all skills.
You have very sharp teeth.
Your uncanny sense of smell can sniff out nearby items.


Message History

Aim: a white ugly thing (lightly wounded)
You throw a javelin of penetration.
The javelin of penetration barely misses the white ugly thing.
Throwing (i - inventory. (/) - cycle)
n - a javelin of penetration (quivered)
Press: ? - help, Shift-Dir - straight line, f/p - white ugly thing
Aim: a white ugly thing (lightly wounded)
You throw a javelin of penetration.
The javelin of penetration pierces through the white ugly thing.
The white ugly thing is lightly wounded.
The white ugly thing closely misses you.
You hit the white ugly thing but do no damage.
You bite the white ugly thing, but do no damage.
The white ugly thing is lightly wounded.
You closely miss the white ugly thing. Your bite misses the white ugly thing.
The white ugly thing is lightly wounded.
The white ugly thing stings you. The white ugly thing freezes you!
Damage: 16 (max 16)
You hit the white ugly thing but do no damage.
The white ugly thing is poisoned.
The white ugly thing is lightly wounded.
You hit the white ugly thing but do no damage.
The white ugly thing looks even sicker.
The white ugly thing is lightly wounded.
The white ugly thing stings you! The white ugly thing freezes you!!
* * * LOW HITPOINT WARNING * * *
Damage: 38 (max 38)
You hit the white ugly thing.
The white ugly thing looks as sick as possible!
The white ugly thing is lightly wounded.
You hit the white ugly thing.
The white ugly thing looks as sick as possible!
The white ugly thing is moderately wounded.
The white ugly thing stings you but does no damage.
Unknown command.
Unknown command.
The white ugly thing stings you but does no damage.
You feel like a meek peon again.
Found a stone staircase leading down.
The white ugly thing barely misses you.
Really quaff
p - 4 potions of heal wounds {!q}?
You feel much better. The white ugly thing stings you.
The white ugly thing freezes you!
* * * LOW HITPOINT WARNING * * *
Unknown command.
You aren't carrying any items that you can evoke without wielding.
Unknown command.
Really quaff
p - 3 potions of heal wounds {!q}?
You feel much better. The white ugly thing stings you!
The white ugly thing freezes you!!
You die...

############
#..........#
#.........>#
#...##u...###
#...##.@....#
#...##.........
#...##.........
#...##..##.###.
#...##..# .#
#...#...# .
#...'...+ .
#...##..# ##
#...##..##


You could see a white ugly thing.

Vanquished Creatures
  Grinder (D:5)
  A hippogriff (D:6)
  A basilisk (D:7)
  A hungry ghost (D:7)
  An ice beast (D:7)
  A sky beast (D:7)
  A phantom (D:5)
  A necrophage (D:7)
  4 ogres
  3 centaurs
  A crocodile (D:5)
  2 bullfrogs (D:6)
  A wyvern skeleton (D:7)
  A water moccasin skeleton (D:6)
  3 howler monkeys
  2 crimson imps
  A centaur zombie (D:7)
  7 orc priests
  A hound (D:4)
  2 bullfrog skeletons (D:6)
  2 iguanas
  A jelly (D:6)
  5 orc wizards
  4 worker ants
  A hound skeleton (D:5)
  A howler monkey skeleton (D:7)
  7 adders
  8 gnolls
  2 shadow imps
  3 worms
  3 dart slugs
  5 leopard geckos
  25 orcs
  8 bats
  9 giant cockroaches
  6 goblins
  5 hobgoblins
  12 jackals
  7 kobolds
  9 quokkas
  7 frilled lizards
  A jackal skeleton (D:5)
  2 leopard gecko skeletons (D:6)
  7 rats
176 creatures vanquished.

Vanquished Creatures (others)
  A hound (D:6)
  An orc wizard (D:7)
  An adder (D:6)
3 creatures vanquished.

Grand Total: 179 creatures vanquished

Notes
Turn   | Place    | Note
-------+----------+-------------------------------------------
     0 | D:1      | Gorice the Gnoll Wanderer began the quest for the Orb.
     0 | D:1      | Gorice set off with the following items: a +0 spear, a +2
                  | scale mail, a ration; and the following spell memorised:
                  | Flame Tongue; and the following spells available to
                  | memorise: Inner Flame
     0 | D:1      | Reached XP level 1. HP: 17/17 MP: 4/4
   111 | D:1      | Reached skill level 2 in Air Magic
   151 | D:1      | Reached XP level 2. HP: 23/23 MP: 5/5
   850 | D:1      | Reached XP level 3. HP: 20/28 MP: 7/7
   954 | D:1      | Reached skill level 1 in Invocations
  1107 | D:2      | Reached skill level 1 in Short Blades
  1107 | D:2      | Reached skill level 1 in Long Blades
  1107 | D:2      | Reached skill level 1 in Axes
  1107 | D:2      | Reached skill level 1 in Maces & Flails
  1107 | D:2      | Reached skill level 1 in Polearms
  1107 | D:2      | Reached skill level 1 in Staves
  1107 | D:2      | Reached skill level 1 in Slings
  1107 | D:2      | Reached skill level 1 in Bows
  1107 | D:2      | Reached skill level 1 in Crossbows
  1107 | D:2      | Reached skill level 1 in Throwing
  1107 | D:2      | Reached skill level 1 in Dodging
  1107 | D:2      | Reached skill level 1 in Stealth
  1107 | D:2      | Reached skill level 1 in Unarmed Combat
  1107 | D:2      | Reached XP level 4. HP: 34/34 MP: 8/8
  1148 | D:2      | Found a shadowy altar of Dithmenos.
  1243 | D:2      | Reached skill level 3 in Spellcasting
  1460 | D:2      | Reached skill level 1 in Conjurations
  1460 | D:2      | Reached skill level 1 in Hexes
  1460 | D:2      | Reached skill level 1 in Charms
  1460 | D:2      | Reached skill level 1 in Summonings
  1460 | D:2      | Reached skill level 1 in Necromancy
  1460 | D:2      | Reached skill level 1 in Translocations
  1460 | D:2      | Reached skill level 1 in Transmutations
  1460 | D:2      | Reached skill level 1 in Ice Magic
  1460 | D:2      | Reached skill level 1 in Earth Magic
  1460 | D:2      | Reached skill level 1 in Poison Magic
  1646 | D:1      | Reached XP level 5. HP: 38/40 MP: 9/9
  1735 | D:2      | Found a runed translucent door.
  1736 | D:2      | Noticed Crazy Yiuf
  1795 | D:2      | Found a deep blue altar of Sif Muna.
  1882 | D:2      | HP: 12/40 [orc priest/divine providence (12)]
  1889 | D:2      | HP: 10/40 [orc priest/+0 falchion (3)]
  1891 | D:2      | Reached skill level 3 in Fighting
  1891 | D:2      | Reached skill level 3 in Shields
  1891 | D:2      | Reached skill level 3 in Evocations
  2753 | D:3      | Reached skill level 2 in Invocations
  2753 | D:3      | Reached XP level 6. HP: 32/47 MP: 10/10
  3432 | D:4      | Reached skill level 2 in Short Blades
  3432 | D:4      | Reached skill level 2 in Long Blades
  3432 | D:4      | Reached skill level 2 in Axes
  3432 | D:4      | Reached skill level 2 in Maces & Flails
  3432 | D:4      | Reached skill level 2 in Polearms
  3432 | D:4      | Reached skill level 2 in Staves
  3432 | D:4      | Reached skill level 2 in Slings
  3432 | D:4      | Reached skill level 2 in Bows
  3432 | D:4      | Reached skill level 2 in Crossbows
  3432 | D:4      | Reached skill level 2 in Throwing
  3432 | D:4      | Reached skill level 5 in Armour
  3432 | D:4      | Reached skill level 2 in Dodging
  3432 | D:4      | Reached skill level 2 in Stealth
  3432 | D:4      | Reached skill level 2 in Unarmed Combat
  3634 | D:4      | Found a burning altar of Makhleb.
  3637 | D:4      | Noticed a blizzard demon
  3638 | D:4      | Found a glowing silver altar of Zin.
  3656 | D:4      | Noticed an angel
  3990 | D:4      | Found an iron altar of Okawaru.
  3997 | D:4      | Became a worshipper of Warmaster Okawaru
  4060 | D:5      | Entered Level 5 of the Dungeon
  4060 | D:5      | Noticed Grinder
  4074 | D:5      | Paralysed by Grinder for 6 turns
  4159 | D:4      | Reached XP level 7. HP: 45/52 MP: 12/12
  4431 | D:5      | Paralysed by Grinder for 4 turns
  4729 | D:5      | Found a bloodstained altar of Trog.
  4729 | D:5      | Found a basalt altar of Yredelemnul.
  4852 | D:5      | Found a staircase to the Ecumenical Temple.
  4887 | Temple   | Entered the Ecumenical Temple
  5086 | D:5      | Paralysed by Grinder for 2 turns
  5126 | D:5      | Paralysed by Grinder for 3 turns
  5142 | D:5      | Killed Grinder
  5142 | D:5      | Reached * piety under Okawaru
  5142 | D:5      | Reached skill level 2 in Conjurations
  5142 | D:5      | Reached skill level 2 in Hexes
  5142 | D:5      | Reached skill level 2 in Charms
  5142 | D:5      | Reached skill level 2 in Summonings
  5142 | D:5      | Reached skill level 2 in Necromancy
  5142 | D:5      | Reached skill level 2 in Translocations
  5142 | D:5      | Reached skill level 2 in Transmutations
  5142 | D:5      | Reached skill level 2 in Ice Magic
  5142 | D:5      | Reached skill level 3 in Air Magic
  5142 | D:5      | Reached skill level 2 in Earth Magic
  5142 | D:5      | Reached skill level 2 in Poison Magic
  5142 | D:5      | Reached skill level 3 in Invocations
  5358 | D:5      | Reached skill level 4 in Spellcasting
  5395 | D:5      | Reached skill level 6 in Fire Magic
  5395 | D:5      | Reached XP level 8. HP: 36/60 MP: 14/14
  5605 | D:5      | Reached skill level 4 in Fighting
  5605 | D:5      | Reached skill level 3 in Short Blades
  5605 | D:5      | Reached skill level 3 in Long Blades
  5605 | D:5      | Reached skill level 3 in Axes
  5605 | D:5      | Reached skill level 3 in Maces & Flails
  5605 | D:5      | Reached skill level 3 in Polearms
  5605 | D:5      | Reached skill level 3 in Staves
  5605 | D:5      | Reached skill level 3 in Slings
  5605 | D:5      | Reached skill level 3 in Bows
  5605 | D:5      | Reached skill level 3 in Crossbows
  5605 | D:5      | Reached skill level 3 in Throwing
  5605 | D:5      | Reached skill level 3 in Dodging
  5605 | D:5      | Reached skill level 3 in Stealth
  5605 | D:5      | Reached skill level 4 in Shields
  5605 | D:5      | Reached skill level 3 in Unarmed Combat
  5605 | D:5      | Reached skill level 4 in Evocations
  6064 | D:6      | Found a shimmering altar of Xom.
  6288 | D:6      | Reached ** piety under Okawaru
  6499 | D:6      | Reached skill level 4 in Invocations
  6518 | D:6      | Reached skill level 3 in Conjurations
  6518 | D:6      | Reached skill level 3 in Hexes
  6518 | D:6      | Reached skill level 3 in Charms
  6518 | D:6      | Reached skill level 3 in Summonings
  6518 | D:6      | Reached skill level 3 in Necromancy
  6518 | D:6      | Reached skill level 3 in Translocations
  6518 | D:6      | Reached skill level 3 in Transmutations
  6518 | D:6      | Reached skill level 3 in Ice Magic
  6518 | D:6      | Reached skill level 3 in Earth Magic
  6518 | D:6      | Reached skill level 3 in Poison Magic
  6601 | D:6      | Reached skill level 6 in Armour
  6601 | D:6      | Reached XP level 9. HP: 42/66 MP: 16/16
  7104 | D:7      | Found Eluetoll's Antique Weapon Emporium.
  7241 | D:7      | Reached skill level 4 in Short Blades
  7241 | D:7      | Reached skill level 4 in Long Blades
  7241 | D:7      | Reached skill level 4 in Axes
  7241 | D:7      | Reached skill level 4 in Maces & Flails
  7241 | D:7      | Reached skill level 4 in Polearms
  7241 | D:7      | Reached skill level 4 in Staves
  7241 | D:7      | Reached skill level 4 in Slings
  7241 | D:7      | Reached skill level 4 in Bows
  7241 | D:7      | Reached skill level 4 in Crossbows
  7241 | D:7      | Reached skill level 4 in Throwing
  7241 | D:7      | Reached skill level 4 in Dodging
  7241 | D:7      | Reached skill level 4 in Stealth
  7241 | D:7      | Reached skill level 4 in Unarmed Combat
  7241 | D:7      | Reached skill level 5 in Spellcasting
  7241 | D:7      | Reached skill level 4 in Air Magic
  7537 | D:6      | Reached skill level 5 in Fighting
  7537 | D:6      | Reached skill level 5 in Shields
  7537 | D:6      | Reached skill level 5 in Evocations
  7610 | D:7      | Reached *** piety under Okawaru
  7807 | D:7      | Reached skill level 5 in Invocations
  7839 | D:7      | Noticed a white ugly thing
  7892 | D:6      | HP: 18/68 [shadow imp/nerve-wracking pain (10)]
  8242 | D:7      | Found a white marble altar of Elyvilon.
  8539 | D:7      | HP: 2/65 [white ugly thing (28)]
  8561 | D:7      | HP: 10/68 [white ugly thing (15)]
  8564 | D:7      | Mangled by a white ugly thing

Levels and vault maps discovered:
D:1:      dpeg_arrival_tiny_k, layout_basic
D:2:      layout_rooms, lemuel_blue_sif_altar, lemuel_round_altar,
          uniq_crazy_yiuf_cottage
D:3:      layout_basic
D:4:      layout_loops_ring, grunt_temple_overflow_order_and_chaos_2,
          okawaru_trees_1
D:5:      layout_layer_cave, gammafunk_temple_overflow_elements,
          minmay_temple_entry_nine_rooms, first_ration,
          hangedman_decor_peaks_small, uniq_grinder
D:6:      layout_rooms, xom_confusion_cloud, wad_rectangle_vault
D:7:      minmay_the_grid_plus_closed [minmay_the_grid_box_x,
          minmay_the_grid_odd_star, minmay_the_grid_holed_spiral,
          minmay_the_grid_minigrid_medium, minmay_the_grid_prize_trominoes],
          layout_gridville, basic_altar, serial_shops, shop
Temple:   eino_temple_water

Skill      XL: |  1  2  3  4  5  6  7  8  9 |
---------------+----------------------------+-----
Air Magic      | 2 3 4 |  4.4
Invocations    | 1 2 3 4 5 |  5.0
Short Blades   | 1 2 3 4 |  4.5
Long Blades    | 1 2 3 4 |  4.5
Axes           | 1 2 3 4 |  4.5
Maces & Flails | 1 2 3 4 |  4.5
Polearms       | 1 2 3 4 |  4.5
Staves         | 1 2 3 4 |  4.5
Slings         | 1 2 3 4 |  4.5
Bows           | 1 2 3 4 |  4.5
Crossbows      | 1 2 3 4 |  4.5
Throwing       | 1 2 3 4 |  4.5
Dodging        | 1 2 3 4 |  4.5
Stealth        | 1 2 3 4 |  4.5
Unarmed Combat | 1 2 3 4 |  4.5
Spellcasting   | 3 4 5 |  5.4
Conjurations   | 1 2 3 |  3.7
Hexes          | 1 2 3 |  3.7
Charms         | 1 2 3 |  3.7
Summonings     | 1 2 3 |  3.7
Necromancy     | 1 2 3 |  3.7
Translocations | 1 2 3 |  3.7
Transmutations | 1 2 3 |  3.7
Ice Magic      | 1 2 3 |  3.7
Earth Magic    | 1 2 3 |  3.7
Poison Magic   | 1 2 3 |  3.7
Fighting       | 3 4 5 |  5.3
Shields        | 3 4 5 |  5.3
Evocations     | 3 4 5 |  5.3
Armour         | 5 6 |  6.5
Fire Magic     | 6 |  6.7

Action                   |  1- 3 |  4- 6 |  7- 9 || total
-------------------------+-------+-------+-------++-------
Melee: Spear             |   115 |   315 |    73 ||   503
       Bite              |    10 |    24 |    77 ||   111
       Dagger            |       |    31 |   637 ||   668
Throw: Javelin           |       |       |    11 ||    11
       Tomahawk          |       |       |     2 ||     2
Invok: Heroism           |       |       |     5 ||     5
  Use: Scroll            |     4 |     7 |     2 ||    13
       Potion            |       |       |     2 ||     2
  Eat: Chunk             |       |     7 |    15 ||    22
       Ration            |       |     1 |     1 ||     2
Armor: Scale mail        |    42 |       |       ||    42
       Plate armour      |    27 |   248 |   361 ||   636
Dodge: Dodged            |    24 |    61 |   163 ||   248
Block: Buckler           |     8 |    69 |   122 ||   199

Table legend:
 A = Non-vault XP
 B = Vault XP
 C = Vault XP percentage of total XP
 D = Non-vault monster count
 E = Vault monster count
 F = Vault count percentage of total count
                 A         B        C        D         E       F
            +---------+---------+-------+---------+---------+-------
      Total |    3305 |    1040 |  23.9 |     159 |      18 |  10.2
            +---------+---------+-------+---------+---------+-------
        D:1 |     114 |       0 |   0.0 |      28 |       0 |   0.0
        D:2 |     146 |       0 |   0.0 |      32 |       0 |   0.0
        D:3 |     101 |       0 |   0.0 |      13 |       0 |   0.0
        D:4 |     380 |       0 |   0.0 |      18 |       0 |   0.0
        D:5 |     695 |     272 |  28.1 |      20 |       1 |   4.8
        D:6 |     970 |     229 |  19.1 |      25 |      10 |  28.6
        D:7 |     899 |     539 |  37.5 |      23 |       7 |  23.3
            +---------+---------+-------+---------+---------+-------

Table legend:
 A = Turns spent in this place as a percentage of turns spent in the entire game.
 B = Non-inter-level travel turns spent in this place as a percentage of non-inter-level travel turns spent in the entire game.
 C = Inter-level travel turns spent in this place as a percentage of turns spent in this place.
 D = Turns resting spent in this place as a percentage of non-inter-level travel turns spent in this place.
 E = Turns spent auto-exploring this place as a percentage of non-inter-level travel turns spent in this place.
 F = Non-inter-level travel turns spent in this place divided by the number of levels of this place that you've seen.
                   A       B       C       D       E      F
               +-------+-------+-------+-------+-------+----------------------
         Total | 100.0 | 100.0 |   3.7 |  33.3 |  34.0 | 1030.4
       Dungeon |  97.8 |  97.8 |   3.7 |  34.0 |  32.6 | 1152.0
        Temple |   2.2 |   2.2 |   5.8 |   0.0 |  98.9 | 179.0
               +-------+-------+-------+-------+-------+----------------------

Levels and vault maps discovered:
D:1:      dpeg_arrival_tiny_k, layout_basic
D:2:      layout_rooms, lemuel_blue_sif_altar, lemuel_round_altar,
          uniq_crazy_yiuf_cottage
D:3:      layout_basic
D:4:      layout_loops_ring, grunt_temple_overflow_order_and_chaos_2,
          okawaru_trees_1
D:5:      layout_layer_cave, gammafunk_temple_overflow_elements,
          minmay_temple_entry_nine_rooms, first_ration,
          hangedman_decor_peaks_small, uniq_grinder
D:6:      layout_rooms, xom_confusion_cloud, wad_rectangle_vault
D:7:      minmay_the_grid_plus_closed [minmay_the_grid_box_x,
          minmay_the_grid_odd_star, minmay_the_grid_holed_spiral,
          minmay_the_grid_minigrid_medium, minmay_the_grid_prize_trominoes],
          layout_gridville, basic_altar, serial_shops, shop
Temple:   eino_temple_water
